 Dungeon Crawl Stone Soup version 0.25.0-9-g26727b657a (webtiles) character file.

Game seed: 6397969395679288657

21 Revguard the Sneak (level 2, 0/19 HPs)
             Began as an Octopode Assassin on June 21, 2020.
             Slain by a rat (1 damage)
             ... on level 1 of the Dungeon.
             The game lasted 00:02:23 (447 turns).

Revguard the Sneak (Octopode Assassin)               Turns: 447, Time: 00:02:23

Health: 0/19       AC:  1    Str: 10    XL:     2   Next: 83%
Magic:  2/2        EV: 13    Int: 13    God:
Gold:   20         SH:  0    Dex: 13    Spells: 1/1 levels left

rFire    . . .     SeeInvis .   a - +2 dagger
rCold    . . .     Gourm    .   (no shield)
rNeg     . . .     Faith    .   (helmet restricted)
rPois    .         Spirit   .   (no amulet)
rElec    .         Reflect  .   (no ring)
rCorr    .         Harm     .   (no ring)
MR       .....                  (no ring)
Stlth    ++++......             (no ring)
HPRegen  0.06/turn              (no ring)
MPRegen  0.08/turn              (no ring)
                                (no ring)
                                (no ring)

@: brilliant
A: almost no armour, stealthy swim, amphibious, 8 rings, constrict 8, camouflage
1, gelatinous body 1
a: no special abilities


You were on level 1 of the Dungeon.
You were not hungry.

You visited 1 branch of the dungeon, and saw 1 of its levels.

You collected 20 gold pieces.

Inventory:

Hand Weapons
 a - a +2 dagger (weapon)
Missiles
 b - 7 poisoned darts (quivered)
Potions
 e - a potion of lignification {unknown}
 g - a potion of brilliance
Comestibles
 d - a ration
 f - 6 chunks of flesh


   Skills:
 + Level 2.1 Fighting
 + Level 2.1 Short Blades
 + Level 2.3 Throwing
 + Level 1.0 Dodging
 + Level 6.1 Stealth


You had one spell level left.
You didn't know any spells.
Your spell library was empty.

Dungeon Overview and Level Annotations

Branches:
Dungeon (1/15)

Altars:


Innate Abilities, Weirdness & Mutations

You cannot wear most types of armour.
You are very stealthy in the water. (Stealth+)
You are amphibious.
You can wear up to eight rings at the same time.
You can use your tentacles to constrict eight enemies at once.
Your skin changes colour to match your surroundings (Stealth+).
Your rubbery body absorbs attacks. (AC +1, EV +1)


Message History

You throw a curare-tipped dart.
The curare-tipped dart closely misses the rat.
Throwing (i - inventory)
b - 8 poisoned darts (quivered)
Press: ? - help, Shift-Dir - straight line, f/p - rat
Aim: a rat You throw a poisoned dart.
The poisoned dart closely misses the rat.
The rat barely misses you.
You hit the rat but do no damage. Your grab misses the rat.
The rat barely misses you.
You closely miss the rat. Your grab misses the rat.
Your squeeze misses the rat. The rat bites you.
* * * LOW HITPOINT WARNING * * *
You barely miss the rat. Your grab misses the rat. The rat bites you.
* * * LOW HITPOINT WARNING * * *
Okay, then.
It was a potion of brilliance.
You feel clever all of a sudden. The rat bites you.
You die...

..##........#
..##........# ....
#.##........# ....
#.##........# .....
...#........# .....
##.#.##.##### ......
#...##.##########......
##..#...........†......
#..>÷..........@r.....(
#............).........
#............$.........
+......................
#.................#####
#.................#
...................#
##....##############
#####


You could see a rat.

Vanquished Creatures
  2 dart slugs (D:1)
  A leopard gecko (D:1)
  A ball python (D:1)
  A giant cockroach (D:1)
  2 goblins (D:1)
  A hobgoblin (D:1)
  2 jackals (D:1)
  3 bats (D:1)
  3 rats (D:1)
16 creatures vanquished.

Notes
Turn   | Place    | Note
-------+----------+-------------------------------------------
     0 | D:1      | Revguard the Octopode Assassin began the quest for the Orb.
     0 | D:1      | Reached XP level 1. HP: 14/14 MP: 1/1
    96 | D:1      | Reached XP level 2. HP: 9/19 MP: 2/2
   418 | D:1      | Reached skill level 6 in Stealth
   447 | D:1      | Slain by a rat

Illustrated notes

Levels and vault maps discovered:
D:1:      minmay_arrival_split_and_join, layout_basic, minmay_vboxes

Skill      XL: |  1  2 |
---------------+-------+-----
Stealth        | 6 |  6.1
Fighting       | |  2.1
Short Blades   | |  2.1
Throwing       | |  2.3
Dodging        | |  1.0

Action                   || total
-------------------------++-------
Melee: Dagger            ||    27
       Constrict         ||     7
       Tentacles         ||     3
Throw: Dart              ||     8
  Use: Potion            ||     1
 Stab: Sleeping          ||     4
Armor: Skin              ||     4
Dodge: Dodged            ||    21
